 Dungeon Crawl Stone Soup version 0.31-a0-210-gccc998df9b (webtiles) character file.

Game seed: 18443061793180178862

546 qw the Shooter (level 7, -4/59 HPs)
             Began as a Minotaur Hexslinger on June 29, 2023.
             Slain by a gnoll
             ... wielding a +0 spear
             ... led by a gnoll bouda
              (8 damage)
             ... on level 4 of the Dungeon.
             The game lasted 00:01:32 (3888 turns).

qw the Shooter (Minotaur Hexslinger)                Turns: 3888, Time: 00:01:33

Health: -4/59      AC:  5    Str: 12    XL:     7   Next: 6%
Magic:  0/7        EV: 12    Int: 10    God:
Gold:   233        SH:  0    Dex: 15    Spells: 7/8 levels left

rFire   . . .        Y - +1 sling
rCold   . . .        (no shield)
rNeg    . . .        c - +2 robe {Will+}
rPois   .            (helmet restricted)
rElec   .            (no cloak)
rCorr   .            (no gloves)
SInv    .            g - +0 pair of boots
Will    +++..        a - amulet of guardian spirit
Stlth   +            i - ring of willpower
HPRegen 0.29/turn    m - ring of willpower
MPRegen 0.10/turn

%: guardian spirit
@: no status effects
A: horns 2, retaliatory headbutt
a: no special abilities


You were on level 4 of the Dungeon.
You visited 1 branch of the dungeon, and saw 4 of its levels.

You collected 233 gold pieces.


Innate Abilities, Weirdness & Mutations

You have a pair of horns on your head.
You reflexively headbutt those who attack you in melee.


   Skills:
 - Level 4.1 Fighting
 + Level 7.5 Ranged Weapons
 - Level 1.0 Armour
 - Level 2.1 Dodging
 - Level 1.0 Spellcasting
 - Level 2.0 Hexes


You had 7 spell levels left.
You knew the following spells:

 Your Spells              Type           Power      Damage    Failure   Level
a - Slow                  Hex            16%        N/A       16%         1

Your spell library contained the following spells:

 Spells                   Type           Power      Damage    Failure   Level
 Inner Flame              Hex/Fire       2%         N/A       56%         3
 Portal Projectile        Hex/Tloc       4%         N/A       56%         3
 Cause Fear               Hex            2%         N/A       83%         4

Inventory:

Hand Weapons
 Y - a +1 sling (weapon)
Armour
 c - a +2 robe of willpower (worn)
 g - a +0 pair of boots (worn)
Jewellery
 a - an amulet of guardian spirit (around neck)
 i - a ring of willpower (left hand)
 m - a ring of willpower (right hand)
Wands
 h - a wand of digging (8)
Scrolls
 j - 3 scrolls of identify
Potions
 b - 2 potions of curing {unknown}
 d - a potion of resistance {unknown}
 e - a potion of mutation {unknown}
 f - a potion of might {unknown}
 k - a potion of degeneration {unknown}
 l - a potion of haste {unknown}
 p - 2 potions of heal wounds {unknown}

Dungeon Overview and Level Annotations

Branches:
Dungeon (4/15)
 Temple: D:4-7

Altars:
Wu Jian
Zin


Message History

The gnoll is heavily wounded.
The gnoll hits you with a +0 whip.
You shoot a sling bullet. The sling bullet hits the gnoll.
The gnoll is severely wounded.
You shoot a sling bullet.
The sling bullet closely misses the gnoll.
The gnoll hits you but does no damage.
The gnoll hits you from afar with a +0 spear.
The gnoll closely misses you. The gnoll hits you with a +0 whip.
You shoot a sling bullet. The sling bullet hits the gnoll.
The gnoll is almost dead.
Your attacks no longer feel as feeble.
The gnoll bouda hits you with a +0 club.
The gnoll misses you.
The gnoll hits you from afar with a +0 spear.
The gnoll hits you but does no damage. The gnoll hits you with a +0 whip.
You shoot a sling bullet.
The sling bullet closely misses the gnoll.
The gnoll bouda calls upon its god to heal the gnoll.
The gnoll is healed somewhat.
The gnoll hits you from afar with a +0 spear.
The gnoll barely misses you. The gnoll hits you with a +0 club.
The gnoll hits you with a +0 whip.
You shoot a sling bullet. The sling bullet hits the gnoll.
The gnoll is severely wounded.
The gnoll bouda hits you with a +0 club.
The gnoll hits you but does no damage.
The gnoll hits you from afar with a +0 spear.
The gnoll hits you with a +0 club. The gnoll hits you but does no damage.
You shoot a sling bullet.
The sling bullet barely misses the gnoll.
The gnoll bouda hits you with a +0 club!
The gnoll hits you from afar with a +0 spear. x2
The gnoll hits you with a +0 club. The gnoll closely misses you.
You shoot a sling bullet.
The sling bullet hits the gnoll but does no damage.
The gnoll is severely wounded.
The gnoll bouda barely misses you.
The gnoll hits you from afar with a +0 spear!
You die...

#......#..###.##....#
#......#..###.#####..
###......#..........#..
#....##+##..........+..
#....#..#%..........#..
#....+...#..##..##.##..
###....###.###########...
............# #...
........)@g.# #...
.........gg.# #...
.......gg...# ####...
.............. #...(..
............... #......
...)...........# #......
..............# #......
.............# #......
#####..


You could see a gnoll bouda and 4 gnolls.

Vanquished Creatures
  Sigmund (D:3)
  An ogre (D:4)
  A phantom (D:4)
  2 orc wizards (D:4)
  Robin (D:3)
  5 adders
  An ufetubus (D:4)
  3 worms
  2 dart slugs (D:4)
  9 orcs
  7 ball pythons
  12 endoplasms
  5 giant cockroaches
  16 goblins
  8 hobgoblins
  5 jackals (D:1)
  3 bats
  6 kobolds
  5 rats
93 creatures vanquished.

Notes
Turn   | Place    | Note
-------+----------+-------------------------------------------
     0 | D:1      | qw the Minotaur Hexslinger began the quest for the Orb.
     0 | D:1      | Reached XP level 1. HP: 16/16 MP: 1/1
     0 | D:1      | 0 ||| qw: Version: 0.3-a-24-ga2abf7b
     0 | D:1      | 0 ||| qw: Game counter: 6971
     0 | D:1      | 0 ||| qw: Melee chars always use a shield: true
     0 | D:1      | 0 ||| qw: God list: Okawaru
     0 | D:1      | 0 ||| qw: Allow faded altars: false
     0 | D:1      | 0 ||| qw: Do Orc after clearing Dungeon:15 true
     0 | D:1      | 0 ||| qw: Do second Lair branch before Depths: true
     0 | D:1      | 0 ||| qw: Lair rune preference: random
     0 | D:1      | 0 ||| qw: Goals: Normal
     0 | D:1      | 0 ||| PLANNING D:1-11
    62 | D:1      | Reached skill level 3 in Ranged Weapons
    63 | D:1      | Reached XP level 2. HP: 21/23 MP: 2/2
   205 | D:1      | 205 ||| UPGRADING to ring of willpower.
   423 | D:1      | 423 ||| READING scroll labelled SERIOQEGAW.
   424 | D:1      | 424 ||| READING scroll labelled EHUXAA NYIJOPH.
   425 | D:1      | 425 ||| READING scroll labelled POSUOTU OROIGG.
   426 | D:1      | 426 ||| READING scroll labelled HESIAC PAZXU.
   427 | D:1      | 427 ||| DROPPING scroll of poison.
   432 | D:1      | HP: 1/24 [spore (23)]
   898 | D:1      | 898 ||| READING scroll labelled SUFROI MIOTYATS.
   916 | D:2      | 916 ||| STAIRDANCE
   920 | D:1      | Reached XP level 3. HP: 25/29 MP: 3/3
  1196 | D:2      | Reached skill level 4 in Ranged Weapons
  1720 | D:2      | 1720 ||| UPGRADING to +0 ring mail.
  1730 | D:2      | 1730 ||| DROPPING +0 robe.
  1731 | D:2      | 1731 ||| UPGRADING to +0 pair of boots.
  1736 | D:2      | 1736 ||| UPGRADING to amulet of guardian spirit.
  1741 | D:2      | 1741 ||| READING scroll labelled COEHIA CEUPSO.
  1763 | D:3      | Noticed Robin
  1767 | D:3      | Reached XP level 4. HP: 36/36 MP: 4/4
  1768 | D:3      | 1768 ||| STAIRDANCE
  1776 | D:2      | HP: 7/36 [frozen (4)]
  1779 | D:2      | Reached skill level 1 in Armour
  1899 | D:3      | Killed Robin
  1909 | D:3      | Identified the +6 trident of the Bouncing Runes {spect,
                  | Int+3}
  1922 | D:3      | Noticed Sigmund
  1924 | D:3      | 1924 ||| FLEEEEING.
  1928 | D:3      | 1928 ||| FLEEEEING.
  1929 | D:3      | 1929 ||| FLEEEEING.
  1930 | D:3      | 1930 ||| FLEEEEING.
  1931 | D:3      | 1931 ||| FLEEEEING.
  1932 | D:3      | 1932 ||| FLEEEEING.
  1935 | D:3      | 1935 ||| FLEEEEING.
  1936 | D:3      | 1936 ||| STAIRDANCE
  2041 | D:3      | 2041 ||| STAIRDANCE
  2147 | D:3      | Killed Sigmund
  2148 | D:3      | Reached skill level 6 in Ranged Weapons
  2148 | D:3      | Reached XP level 5. HP: 31/41 MP: 2/5
  2241 | D:3      | Reached XP level 6. HP: 48/48 MP: 6/6
  2299 | D:3      | Found a glowing silver altar of Zin.
  3096 | D:3      | 3096 ||| UPGRADING to +2 robe of willpower.
  3106 | D:3      | 3106 ||| DROPPING +0 ring mail.
  3107 | D:3      | 3107 ||| UPGRADING to ring of willpower.
  3108 | D:3      | 3108 ||| READING scroll labelled ISETUD LEYM.
  3109 | D:3      | 3109 ||| READING scroll labelled HEIDDEUSME.
  3110 | D:3      | 3110 ||| READING scroll labelled EPHUXU OCHOL.
  3114 | D:3      | 3114 ||| READING 2 scrolls of identify.
  3114 | D:3      | 3114 ||| IDENTIFYING fizzy coppery potion
  3115 | D:3      | 3115 ||| DROPPING potion of lignification.
  3157 | D:4      | HP: 10/50 [ogre/+0 giant spiked club (17)]
  3185 | D:4      | 3185 ||| FLEEEEING.
  3193 | D:4      | 3193 ||| STAIRDANCE
  3372 | D:4      | Found an ornate altar of the Wu Jian Council.
  3413 | D:4      | Reached skill level 7 in Ranged Weapons
  3564 | D:4      | Reached XP level 7. HP: 58/59 MP: 7/7
  3887 | D:4      | HP: 10/59 [gnoll bouda/+0 club (6)]
  3887 | D:4      | HP: 3/59 [gnoll/+0 club[a gnoll bouda] (2)]
  3888 | D:4      | Slain by a gnoll

Levels and vault maps discovered:
D:1:      dpeg_arrival_connections, layout_basic, serial_bayou,
          serial_bayou_lagoon_a, serial_bayou_lagoon_b, serial_bayou_pond_e,
          serial_bayou_pond_d, nicolae_concentric_dashed_squares_wild
D:2:      layout_basic
D:3:      layout_rooms, mainiacjoe_overflow_24_doors, serial_co_window_serial,
          co_window_paths_a, co_window_paths_a, co_window_corner_a,
          co_window_corner_a, co_window_paths_b, co_window_paths_a,
          co_window_corner_a, co_window_cross_2, co_window_broadway_a,
          co_window_of_opportunity_b, co_window_corner_cb, co_window_broadway_a,
          co_window_2corner, co_window_paths_c, glass_columns_c,
          glass_columns_a, glass_columns_a, glass_columns_c, uniq_sigmund,
          uniq_robin
D:4:      layout_gridville, nzn_wu_jian_contemplation

Skill      XL: |  1  2  3  4  5  6 |
---------------+-------------------+-----
Ranged Weapons | 3 4 6 7 |  7.5
Fighting       | 2 4 |  4.1
Armour         | 1 |  1.0
Dodging        | |  2.1
Spellcasting   | |  1.0
Hexes          | |  2.0

Action                     |  1- 3 |  4- 6 |  7- 9 || total
---------------------------+-------+-------+-------++-------
   Fire: Sling             |   133 |   160 |    34 ||   327
    Use: Scroll            |     6 |     4 |       ||    10
 Armour: Robe              |    13 |     7 |     9 ||    29
         Ring mail         |       |    32 |       ||    32
  Dodge: Dodged            |    51 |    66 |    16 ||   133

Table legend:
 A = Non-vault XP
 B = Vault XP
 C = Vault XP percentage of total XP
 D = Non-vault monster count
 E = Vault monster count
 F = Vault count percentage of total count
                 A         B        C        D         E       F
            +---------+---------+-------+---------+---------+-------
      Total |     518 |     263 |  33.7 |      81 |      11 |  12.0
            +---------+---------+-------+---------+---------+-------
        D:1 |      41 |       0 |   0.0 |      25 |       0 |   0.0
        D:2 |      69 |      10 |  12.7 |      23 |       5 |  17.9
        D:3 |      65 |     253 |  79.6 |      17 |       6 |  26.1
        D:4 |     343 |       0 |   0.0 |      16 |       0 |   0.0
            +---------+---------+-------+---------+---------+-------
